 Dungeon Crawl Stone Soup version 0.28-a0-793-g31680bbd8b (webtiles) character file.

Game seed: 17782761678863301096

60 Gargoyl the Skirmisher (level 4, -3/41 HPs)
             Began as a Gnoll Abyssal Knight on Nov 5, 2021.
             Was a Follower of Lugonu.
             Engulfed by a smoke demon's steam (4 damage)
             ... summoned by a glowing orange brain
             ... on level 1 of the Abyss.
             The game lasted 00:00:48 (57 turns).

Gargoyl the Skirmisher (Gnoll Abyssal Knight)         Turns: 57, Time: 00:00:48

Health: -3/41      AC:  3    Str: 13    XL:     4   Next: 4%
Magic:  7/7        EV: 12    Int:  9    God:    Lugonu [*.....]
Gold:   0          SH:  0    Dex: 13    Spells: 5/5 levels left

rFire   . . .      SeeInvis .   a - +1 hand axe
rCold   . . .      Faith    .   (no shield)
rNeg    . . .      Spirit   .   b - +0 leather armour
rPois   .          Reflect  .   (no helmet)
rElec   .          Harm     .   (no cloak)
rCorr   .          Rampage  .   (no gloves)
Will    .....                   (no boots)
Stlth   +.........              (no amulet)
HPRegen 0.13/turn               (no ring)
MPRegen 0.10/turn               (no ring)

@: confused, afraid
A: fangs 1, strong nose, distributed training
a: Renounce Religion, Depart the Abyss


You were on level 1 of the Abyss.
You worshipped Lugonu.
Lugonu was aware of your devotion.
You visited 0 branches of the dungeon, and saw 0 of its levels.
You visited the Abyss 1 time.

Inventory:

Hand Weapons
 a - a +1 hand axe (weapon)
Armour
 b - a +0 leather armour (worn)


   Skills:
 + Level 6.5 Fighting
 + Level 1.0 Short Blades
 + Level 1.0 Long Blades
 + Level 4.6 Axes
 + Level 1.0 Maces & Flails
 + Level 1.0 Polearms
 + Level 1.0 Staves
 + Level 1.0 Slings
 + Level 1.0 Bows
 + Level 1.0 Crossbows
 + Level 1.0 Throwing
 + Level 4.6 Armour
 + Level 2.7 Dodging
 + Level 1.0 Stealth
 + Level 1.0 Shields
 + Level 1.0 Unarmed Combat
 + Level 1.0 Spellcasting
 + Level 0.7 Conjurations
 + Level 0.7 Hexes
 + Level 0.7 Summonings
 + Level 0.7 Necromancy
 + Level 0.7 Translocations
 + Level 0.7 Transmutations
 + Level 0.7 Fire Magic
 + Level 0.7 Ice Magic
 + Level 0.7 Air Magic
 + Level 0.7 Earth Magic
 + Level 0.7 Poison Magic
 + Level 4.6 Invocations
 + Level 1.0 Evocations


You had 5 spell levels left.
You didn't know any spells.
Your spell library was empty.

Dungeon Overview and Level Annotations

Branches:
Dungeon (0/15)

Altars:


Innate Abilities, Weirdness & Mutations

You have very sharp teeth.
Your uncanny sense of smell can sniff out nearby items.
Your experience applies equally to all skills.


Message History

Unknown command.
Unknown command.
You feel less confused.
Unknown command.
The glowing orange brain pulsates.
Unknown command.
Your smoke demon seems less confused.
The glowing orange brain pulsates.
You are confused.
Your smoke demon appears confused.
Your starcursed mass resists with almost no effort.
Unknown command.
Unknown command.
Unknown command.
Are you sure you want to stumble around while confused and next to your starcursed mass?
Okay, then.
Are you sure you want to stumble around while confused and next to your starcursed mass?
Your smoke demon barely misses the glowing orange brain.
Your smoke demon hits the glowing orange brain.
Your smoke demon barely misses the glowing orange brain.
The glowing orange brain pulsates.
The smoke demon hits you but does no damage. x2
The smoke demon closely misses you.
Unknown command.
Okay, then.
The glowing orange brain pulsates.
You easily resist.
Your smoke demon appears confused.
Your starcursed mass appears confused.
Your starcursed mass touches the smoke demon.
The smoke demon gestures at you. The ball of steam hits you!
* * * LOW HITPOINT WARNING * * *
Unknown command.
You are too confused!
Unknown command.
Are you sure you want to stumble around while confused and next to your starcursed mass?
Okay, then.
Are you sure you want to stumble around while confused and next to your starcursed mass?
You are engulfed in a cloud of scalding steam.
You die...

...... .. . . .....
.... ...
##...###...##
....#.....#.....#
...........§§§... .
.....#.....#.... ..
........§.§§... #. .
#..§§@# ∆ . #..
##.X§## . ##.# ##3##
###...###...## ...# .
#..G..#
.....................
. # . ..#.3...#.....#
..
##...###...###...##
.## #.# ##.## .#


You could see a smoke demon (summoned, ally target) and a friendly starcursed
mass (summoned, confused).

Vanquished Creatures (collateral kills)
  A small abomination (Abyss:1)
1 creature vanquished.

Notes
Turn   | Place    | Note
-------+----------+-------------------------------------------
     0 | Abyss:1  | Gargoyl the Gnoll Abyssal Knight began the quest for the
                  | Orb.
     0 | Abyss:1  | Reached XP level 1. HP: 23/23 MP: 3/3
    37 | Abyss:1  | Noticed a glowing orange brain
    39 | Abyss:1  | Noticed a small abomination
    44 | Abyss:1  | Killed a small abomination
    45 | Abyss:1  | Reached skill level 1 in Short Blades
    45 | Abyss:1  | Reached skill level 1 in Long Blades
    45 | Abyss:1  | Reached skill level 1 in Maces & Flails
    45 | Abyss:1  | Reached skill level 1 in Polearms
    45 | Abyss:1  | Reached skill level 1 in Staves
    45 | Abyss:1  | Reached skill level 1 in Slings
    45 | Abyss:1  | Reached skill level 1 in Bows
    45 | Abyss:1  | Reached skill level 1 in Crossbows
    45 | Abyss:1  | Reached skill level 1 in Throwing
    45 | Abyss:1  | Reached skill level 1 in Stealth
    45 | Abyss:1  | Reached skill level 1 in Shields
    45 | Abyss:1  | Reached skill level 1 in Unarmed Combat
    45 | Abyss:1  | Reached skill level 1 in Spellcasting
    45 | Abyss:1  | Reached skill level 1 in Evocations
    45 | Abyss:1  | Reached XP level 2. HP: 9/29 MP: 5/5
    45 | Abyss:1  | Reached XP level 3. HP: 10/35 MP: 6/6
    45 | Abyss:1  | Reached XP level 4. HP: 12/41 MP: 7/7
    52 | Abyss:1  | Noticed a smoke demon
    56 | Abyss:1  | Noticed a wretched star
    56 | Abyss:1  | HP: 1/41 [smoke demon/ball of steam[a glowing orange brain]
                  | (13)]
    57 | Abyss:1  | Engulfed by a smoke demon's steam

Illustrated notes

Levels and vault maps discovered:
Abyss:1:  base: Temple, base: Temple, evilmike_abyss_exit_15

Skill      XL: |  1 |
---------------+----+-----
Short Blades   | 1 |  1.0
Long Blades    | 1 |  1.0
Maces & Flails | 1 |  1.0
Polearms       | 1 |  1.0
Staves         | 1 |  1.0
Slings         | 1 |  1.0
Bows           | 1 |  1.0
Crossbows      | 1 |  1.0
Throwing       | 1 |  1.0
Stealth        | 1 |  1.0
Shields        | 1 |  1.0
Unarmed Combat | 1 |  1.0
Spellcasting   | 1 |  1.0
Evocations     | 1 |  1.0
Fighting       | |  6.5
Axes           | |  4.6
Armour         | |  4.6
Dodging        | |  2.7
Conjurations   | |  0.7
Hexes          | |  0.7
Summonings     | |  0.7
Necromancy     | |  0.7
Translocations | |  0.7
Transmutations | |  0.7
Fire Magic     | |  0.7
Ice Magic      | |  0.7
Air Magic      | |  0.7
Earth Magic    | |  0.7
Poison Magic   | |  0.7
Invocations    | |  4.6

Action                   |  1- 3 |  4- 6 || total
-------------------------+-------+-------++-------
  Use: Scroll            |     1 |       ||     1
Armor: Leather armour    |       |     2 ||     2
Dodge: Dodged            |     1 |     1 ||     2

Table legend: (Time is in decaauts)
 A = Elapsed time spent in this place.
 B = Non-inter-level travel time spent in this place.
 C = Inter-level travel time spent in this place.
 D = Time resting spent in this place.
 E = Time spent auto-exploring this place.
 F = Levels seen in this place.
 G = Mean time per level.
                   A        B        C        D        E       F      G
               +--------+--------+--------+--------+--------+-----+--------+
         Total |     57 |     57 |      0 |      0 |     34 |   1 |   57.0 |
         Abyss |     57 |     57 |      0 |      0 |     34 |   1 |   57.0 |
               +--------+--------+--------+--------+--------+-----+--------+

Top non-repeatable levels by time:
 Abyss:1: 57 daAuts
